 Dungeon Crawl Stone Soup version 0.31.0-1-g2c135a008e (webtiles) character file.

Game seed: 2964255620282056164

297 qw the Shooter (level 6, 0/46 HPs)
             Began as a Djinni Hunter on Jan 23, 2024.
             Slain by a hornet (10 damage)
             ... on level 5 of the Dungeon.
             The game lasted 00:00:12 (3393 turns).

qw the Shooter (Djinni Hunter)                      Turns: 3393, Time: 00:00:13

Health: 0/46       AC:  6    Str:  9    XL:     6   Next: 62%
Gold:   773        EV: 12    Int: 16    God:
                   SH:  0    Dex: 18

rFire   + . .        a - +1 shortbow
rCold   . . .        (shield currently unavailable)
rNeg    . . .        l - +1 ring mail of Walot {Will++ rCorr Int+2 Slay-5}
rPois   inf          (helmet restricted)
rElec   .            (no cloak)
rCorr   +            (no gloves)
SInv    .            (boots unavailable)
Will    ++...        (no amulet)
Stlth   +            i - ring of ice
HPRegen 0.27/turn    (no ring)
MPRegen 0.00/turn

%: clarity, infuse magic (-1 HP)
@: flying
A: sickness immunity, fire resistance 2, cold vulnerability 1, float, innate
caster, HP casting, extra vitality 1, horns 1, clarity, clever 1, sturdy frame 1
a: no special abilities


You were on level 5 of the Dungeon.
You visited 1 branch of the dungeon, and saw 5 of its levels.

You collected 773 gold pieces.


Innate Abilities, Weirdness & Mutations

You are immune to sickness and miasma.
You are immune to poison.
Your flesh is very heat resistant. (rF++)
You are vulnerable to cold. (rC-)
You float through the air rather than walking.
You learn spells naturally, not from books.
Your magical power is your life essence.
You have superior vitality. (+4 MHP)
You have a pair of small horns on your head.
You possess an exceptional clarity of mind.
Your mind is acute. (Int +4, Str/Dex -1)
Your movements are slightly less encumbered by armour. (ER -2)


   Skills:
 - Level 3.4 Fighting
 - Level 5.2 Ranged Weapons
 + Level 0.2 Armour
 - Level 3.5 Dodging
 - Level 0.7 Stealth


You knew the following spells:

 Your Spells              Type           Power      Damage    Failure   Level
a - Sandblast             Erth           0%         2d4       38%         1
b - Mercury Vapours       Alch/Air       0%         N/A       54%         2
Your spell library was empty.

Inventory:

Hand Weapons
 a - a +1 shortbow (weapon)
Armour
 c - a +0 leather armour
 l - the +1 ring mail of Walot (worn) {Will++ rCorr Int+2 Slay-5}
   (You found it on level 4 of the Dungeon)

   Int+2:     It affects your intelligence (+2).
   Slay-5:    It affects your accuracy & damage with ranged weapons and melee
   (-5).
   Will++:    It greatly increases your willpower.
   rCorr:     It protects you from acid and corrosion.
Jewellery
 i - a ring of ice (left hand)
 j - a ring of fire
Scrolls
 b - a scroll of fog {unknown}
 k - a scroll of teleportation
Potions
 e - 2 potions of might
 g - a potion of mutation

Dungeon Overview and Level Annotations

Branches:
Dungeon (5/15)
 Temple: D:4-7

Altars:
Ru

Annotations:
D:4 1 runed translucent door, Crazy Yiuf


Message History

The iguana is almost dead.
The iguana bites you!
3382 ||| READING 2 scrolls of teleportation.
As you read the scroll of teleportation, it crumbles to dust.
You feel strangely unstable. The iguana bites you.
3383 ||| DRINKING potion of heal wounds.
You feel much better. The iguana barely misses you.
You shoot an arrow. The arrow closely misses the iguana.
Your surroundings suddenly seem different.
A hornet comes into view.
You shoot an arrow. The arrow hits the hornet.
The hornet buzzes angrily.
The hornet is lightly wounded.
You shoot an arrow.
The arrow hits the hornet but does no damage.
The hornet is lightly wounded.
You shoot an arrow.
The arrow hits the hornet but does no damage.
The hornet is lightly wounded.
The hornet closely misses you.
The hornet stings you but does no damage.
You shoot an arrow.
The arrow hits the hornet but does no damage.
The hornet closely misses you. The hornet barely misses you.
You shoot an arrow. The arrow misses the hornet.
The hornet stings you.
You shoot an arrow.
The arrow hits the hornet but does no damage.
The hornet stings you.
The hornet stings you but does no damage.
You shoot an arrow. The arrow closely misses the hornet.
The hornet barely misses you. The hornet closely misses you.
You shoot an arrow. The arrow closely misses the hornet.
The hornet stings you but does no damage.
The hornet barely misses you.
You shoot an arrow. The arrow barely misses the hornet.
The hornet stings you! x2
You die...

##### #.... #....
##.... ###########
#..... #.........#
#.#..# #...@y....#
#.#.## #.........#
#.#.# #####..####
#.#.## ##### #..#
#..... #### #...#
#..## ##..## ...#
#...# #...## #####..#
...#
#...###....####......#
...#####
##.....#.#.......#...#
.......#
#.###.#....####.......


You could see a hornet.

Vanquished Creatures
  A phantom (D:4)
  A hound (D:4)
  2 orc priests (D:3)
  Jessica (D:3)
  An adder (D:3)
  6 dart slugs
  4 ribbon worms
  5 orcs
  4 bats
  6 endoplasms
  A giant cockroach (D:1)
  8 goblins
  9 hobgoblins
  4 jackals (D:2)
  2 quokkas
  3 ball pythons
  6 frilled lizards
  9 kobolds
  6 rats
79 creatures vanquished.

Notes
Turn   | Place    | Note
-------+----------+-------------------------------------------
     0 | D:1      | qw the Djinni Hunter began the quest for the Orb.
     0 | D:1      | Reached XP level 1. HP: 18/18 MP: 0/0
     0 | D:1      | 0 ||| qw: Version: 0.3-a-132-g3d54051
     0 | D:1      | 0 ||| qw: Game counter: 616
     0 | D:1      | 0 ||| qw: Melee chars always use a shield: true
     0 | D:1      | 0 ||| qw: God list: Okawaru
     0 | D:1      | 0 ||| qw: Allow faded altars: false
     0 | D:1      | 0 ||| qw: Do Orc after clearing Dungeon:15 true
     0 | D:1      | 0 ||| qw: Do second Lair branch before Depths: true
     0 | D:1      | 0 ||| qw: Lair rune preference: random
     0 | D:1      | 0 ||| qw: Goals: Normal
     0 | D:1      | 0 ||| PLANNING D:1-11
   153 | D:1      | Reached XP level 2. HP: 14/23 MP: 0/0
   682 | D:1      | Reached skill level 4 in Ranged Weapons
   682 | D:1      | Reached XP level 3. HP: 28/28 MP: 0/0
   682 | D:1      | Learned a level 1 spell: Sandblast
   769 | D:1      | Found a faded altar of an unknown god.
   951 | D:1      | 951 ||| READING scroll labelled QANEOWIBIXT.
   951 | D:1      | 951 ||| ENCHANTING +0 shortbow.
   952 | D:1      | 952 ||| READING scroll labelled NOOGHY SIEZ.
   953 | D:1      | 953 ||| READING scroll labelled JITSAU SIHOTT.
   953 | D:1      | 953 ||| IDENTIFYING brown potion
   954 | D:1      | 954 ||| READING scroll labelled DICOATWEURPH.
  1008 | D:1      | 1008 ||| READING scroll labelled NODOHE ELEDYPT.
  1008 | D:1      | 1008 ||| ENCHANTING +0 shortbow.
  1009 | D:1      | 1009 ||| DROPPING scroll of butterflies.
  1452 | D:2      | 1452 ||| FLEEEEING.
  1462 | D:2      | 1462 ||| READING scroll labelled ZEWIVV QOAPOEFUI.
  1463 | D:2      | 1463 ||| FLEEEEING.
  1473 | D:2      | 1473 ||| READING scroll labelled TEXERY TUISUP.
  1474 | D:2      | 1474 ||| FLEEEEING.
  1478 | D:2      | 1478 ||| STAIRDANCE
  1573 | D:2      | Reached XP level 4. HP: 34/34 MP: 0/0
  1580 | D:2      | Reached skill level 3 in Fighting
  1593 | D:2      | Identified the +1 helmet of Yjojed Nuic {Regen+}
  1810 | D:2      | 1810 ||| UPGRADING to +1 helmet of Yjojed Nuic {Regen+}.
  1815 | D:2      | 1815 ||| READING scroll of identify.
  1815 | D:2      | 1815 ||| IDENTIFYING fizzy red potion
  1816 | D:2      | 1816 ||| READING scroll labelled EGAAMOA EJUN JOCI.
  1817 | D:2      | 1817 ||| FLEEEEING.
  1886 | D:3      | Reached skill level 3 in Dodging
  1886 | D:3      | Reached XP level 5. HP: 40/40 MP: 0/0
  1886 | D:3      | Learned a level 2 spell: Mercury Vapours
  1893 | D:3      | 1893 ||| FLEEEEING.
  1894 | D:3      | 1894 ||| FLEEEEING.
  1895 | D:3      | 1895 ||| FLEEEEING.
  1896 | D:3      | 1896 ||| FLEEEEING.
  1897 | D:3      | 1897 ||| FLEEEEING.
  1898 | D:3      | 1898 ||| FLEEEEING.
  2054 | D:3      | Found a sacrificial altar of Ru.
  2079 | D:3      | Noticed Jessica
  2082 | D:3      | Killed Jessica
  2258 | D:3      | 2258 ||| UPGRADING to ring of ice.
  2259 | D:3      | 2259 ||| READING scroll labelled JOCEME READGHUT.
  2259 | D:3      | Identified a scroll of acquirement
  2259 | D:3      | 2259 ||| ACQUIRING 578 gold pieces
  2259 | D:3      | Acquired 578 gold pieces
  2261 | D:3      | 2261 ||| READING scroll labelled YQOUQ CISY.
  2362 | D:3      | 2362 ||| DRINKING 2 fizzy dark potions.
  2362 | D:3      | Gained mutation: You possess an exceptional clarity of
                  | mind. [potion of mutation]
  2362 | D:3      | Gained mutation: Your mind is acute. (Int +4, Str/Dex -1)
                  | [potion of mutation]
  2362 | D:3      | Gained mutation: You have a pair of small horns on your
                  | head. [potion of mutation]
  2362 | D:3      | Gained mutation: Your movements are slightly less
                  | encumbered by armour. (ER -2) [potion of mutation]
  2363 | D:3      | 2363 ||| DROPPING +1 helmet of Yjojed Nuic {Regen+}.
  2445 | D:4      | Noticed a phantom
  2456 | D:4      | Killed a phantom
  2457 | D:4      | Reached skill level 5 in Ranged Weapons
  2457 | D:4      | Reached XP level 6. HP: 25/46 MP: 0/0
  2457 | D:4      | 2457 ||| FLEEEEING.
  2464 | D:4      | 2464 ||| STAIRDANCE
  2696 | D:4      | Found a runed translucent door.
  2697 | D:4      | Noticed Crazy Yiuf
  3022 | D:4      | Identified the +1 ring mail of Walot {Will++ rCorr Int+2
                  | Slay-5}
  3189 | D:4      | 3189 ||| UPGRADING to +1 ring mail of Walot {Will++ rCorr
                  | Int+2 Slay-5}.
  3199 | D:4      | 3199 ||| READING scroll of identify.
  3199 | D:4      | 3199 ||| IDENTIFYING inky potion
  3200 | D:4      | 3200 ||| READING scroll labelled SELUTI QOIL.
  3201 | D:4      | 3201 ||| DRINKING 2 metallic black potions.
  3202 | D:4      | 3202 ||| DROPPING potion of magic.
  3203 | D:4      | 3203 ||| DROPPING potion of attraction.
  3249 | D:5      | Entered Level 5 of the Dungeon
  3381 | D:5      | HP: 9/46 [iguana (12)]
  3382 | D:5      | 3382 ||| READING 2 scrolls of teleportation.
  3383 | D:5      | 3383 ||| DRINKING potion of heal wounds.
  3384 | D:5      | Noticed a hornet
  3393 | D:5      | HP: 10/46 [hornet (11)]
  3393 | D:5      | Slain by a hornet

Levels and vault maps discovered:
D:1:      co_arrival_random_square_maze, layout_loops_ring,
          shapermc_ecumenical_altar_flowoftime
D:2:      layout_basic
D:3:      layout_basic, mainiacjoe_overflow_cross_hatched, uniq_jessica
D:4:      layout_gridville, uniq_crazy_yiuf_cottage
D:5:      layout_rooms, nicolae_qazlal_general_emergency, old_standard_altar

Skill      XL: |  1  2  3  4  5 |
---------------+----------------+-----
Ranged Weapons | 4 5 |  5.2
Fighting       | 3 |  3.4
Dodging        | 3 |  3.5
Armour         | |  0.2
Stealth        | |  0.7

Action                     |  1- 3 |  4- 6 || total
---------------------------+-------+-------++-------
   Fire: Shortbow          |    94 |   152 ||   246
    Use: Scroll            |     7 |     7 ||    14
         Potion            |       |     3 ||     3
 Armour: Leather armour    |    18 |    14 ||    32
         Ring mail         |       |    16 ||    16
  Dodge: Dodged            |    13 |    35 ||    48

Table legend:
 A = Non-vault XP
 B = Vault XP
 C = Vault XP percentage of total XP
 D = Non-vault monster count
 E = Vault monster count
 F = Vault count percentage of total count
                 A         B        C        D         E       F
            +---------+---------+-------+---------+---------+-------
      Total |     388 |      37 |   8.7 |      78 |       1 |   1.3
            +---------+---------+-------+---------+---------+-------
        D:1 |      37 |       0 |   0.0 |      20 |       0 |   0.0
        D:2 |      47 |       0 |   0.0 |      27 |       0 |   0.0
        D:3 |     120 |      37 |  23.6 |      14 |       1 |   6.7
        D:4 |     175 |       0 |   0.0 |      14 |       0 |   0.0
        D:5 |       9 |       0 |   0.0 |       3 |       0 |   0.0
            +---------+---------+-------+---------+---------+-------
